 Dungeon Crawl Stone Soup version 0.17-a0-870-gcb215c1 (webtiles) character file.

44 RobertPalmer the Insei (level 3, 0/17 HPs)
             Began as a Vine Stalker Transmuter on Apr 29, 2015.
             Succumbed to an adder's poison
             ... on level 2 of the Dungeon.
             The game lasted 00:02:03 (962 turns).

RobertPalmer the Insei (Vine Stalker Transmuter)     Turns: 962, Time: 00:02:03

Health: 0/17       AC:  3    Str: 17    XL:     3   Next: 60%
Magic:  6/7        EV: 12    Int: 19    God:
Gold:   26         SH:  0    Dex: 14    Spells: 2 memorised, 3 levels left

rFire  . . .     SeeInvis .       - Unarmed
rCold  . . .     Clarity  .     b - +0 robe
rNeg   . . .     SustAb   .     (no shield)
rPois  .         Gourm    .     (no helmet)
rElec  .         Spirit   +     (no cloak)
rCorr  .         Warding  .     (no gloves)
rMut   .         Stasis   .     (boots currently unavailable)
MR     .....                    (no amulet)
Stlth  +.........               (no ring)
                                (no ring)

@: mighty, brilliant, lethally poisoned (0 -> -4), appendage (expiring), flying,
not resistant to hostile enchantments, very unstealthy
A: fangs 2, talons 3, regeneration 1, shaggy fur 1, magic shield, antimagic
bite, no device heal 3, rot immunity
a: End Transformation


You were on level 2 of the Dungeon.
You were hungry.
You had grown temporary talons.
You visited 1 branch of the dungeon, and saw 2 of its levels.

You collected 26 gold pieces.

Inventory:

Missiles
 a - 68 arrows
 h - 8 curare-tipped needles
Armour
 b - a +0 robe (worn)
Scrolls
 g - a scroll of teleportation {unknown}
 l - a scroll of enchant armour {unknown}
 m - a scroll of remove curse {unknown}
 n - a scroll of identify {unknown}
Potions
 e - a potion of flight
Books
 c - a book of Changes
Comestibles
 d - 2 bread rations {@e1}
 f - a meat ration {@e2}


   Skills:
 - Level 0.8 Fighting
 - Level 1.5 Dodging
 + Level 4.4 Unarmed Combat
 - Level 2.1 Spellcasting
 - Level 2.0 Transmutations


You had 3 spell levels left.
You knew the following spells:

 Your Spells              Type           Power        Failure   Level  Hunger
a - Beastly Appendage     Trmt           ###...       1%          1    #......
s - Sticks to Snakes      Trmt           ###.......   1%          2    ##.....


Dungeon Overview and Level Annotations

Branches:
Dungeon (2/15)

Altars:


Innate Abilities, Weirdness & Mutations

You have extremely sharp teeth.
Your natural rate of healing is unusually fast.
You are covered in fur (AC +1).
When hurt, damage is shared between your health and your magic reserves.
Your bite disrupts and absorbs the magic of your enemies.
Potions and wands cannot restore your health.
You are immune to rotting.
You have claws for feet.


Message History

You see here a giant gecko corpse.
Your transformation is almost over.
An adder comes into view.
You see here 20 arrows.
An adder is nearby!
An adder is nearby!
An adder is nearby!
An adder is nearby!
a - 44 arrows (gained 20)
You barely miss the adder. Your kick misses the adder.
Your bite misses the adder. The adder barely misses you.
You hit the adder but do no damage. The adder bites you.
You take 3 damage, and have 13/17 hp.
You now have 5/7 mp.
You closely miss the adder. You claw the adder, but do no damage.
The adder closely misses you.
You barely miss the adder. Your kick misses the adder.
Your bite misses the adder. The adder bites you. The adder bites you.
You take 3 damage, and have 10/17 hp.
You now have 4/7 mp.
Unknown command.
You are too injured to fight recklessly!
You closely miss the adder. Your kick misses the adder. You bite the adder.
You drain its power.
You feel invigorated.
Your talons disappear.
The adder barely misses you.
MP restored: 7 You miscast Beastly Appendage.
You are very lightly contaminated with residual magic.
Nothing appears to happen.
The adder barely misses you.
You now have 6/7 mp.
You are feeling hungry.
You hit the adder. Your bite misses the adder. The adder closely misses you.
You hit the adder.
You kill the adder!
MP restored: 7 Unknown command.
You start resting.
Your magical contamination has completely faded away.
You regained 4 hp, and now have 15/17 hp.
Unknown command.
m - a scroll labeled GEVYOGO EZUPS Health restored: 17
a - 68 arrows (gained 24)
A giant gecko comes into view.
A giant gecko is nearby!
A giant gecko is nearby!
A giant gecko is nearby!
The giant gecko misses you.
You hit the giant gecko.
You kill the giant gecko!
No target in view!
No target in view!
n - a scroll labeled FICAOR LEARGHOUDGH An adder comes into view.
An adder is nearby!
An adder is nearby!
Your feet morph into talons.
You now have 6/7 mp.
You barely miss the adder. The adder bites you.
You take 2 damage, and have 15/17 hp.
You hit the adder. Your kick misses the adder. The adder bites you.
The adder bites you.
You are poisoned.
The adder poisons you!
You take 5 damage, and have 10/17 hp.
MASSIVE DAMAGE!!
You now have 4/7 mp.
You miss the adder. Your bite misses the adder.
You feel sick. The adder bites you.
* * * LOW HITPOINT WARNING * * *
You are lethally poisoned!
The adder poisons you!
You take 5 damage, and have 5/17 hp.
MASSIVE DAMAGE!!
You now have 3/7 mp.
* * * LOW HITPOINT WARNING * * *
You feel sick.
You take 1 damage, and have 4/17 hp.
Drink which item? (? for menu, Esc to quit)
It was a potion of flight.
You feel very buoyant.
You fly up into the air.
* * * LOW HITPOINT WARNING * * *
You feel sick. The adder bites you.
* * * LOW HITPOINT WARNING * * *
You take 1 damage, and have 3/17 hp.
You now have 1/7 mp.
Drink which item? (? for menu, Esc to quit)
It was a potion of magic.
Magic courses through your body.
Your transformation is almost over.
* * * LOW HITPOINT WARNING * * *
You feel sick. The adder bites you.
* * * LOW HITPOINT WARNING * * *
You take 2 damage, and have 1/17 hp.
You regained 5 mp, and now have 6/7 mp.
Drink which item? (? for menu, Esc to quit)
It was a potion of brilliance.
You feel clever all of a sudden. The adder bites you but does no damage.
The adder closely misses you.
Drink which item? (? for menu, Esc to quit)
It was a potion of might.
You feel very mighty all of a sudden.
You die...

#.# #######.##
##########.###........#
#†.<..†.....##.#####..#####.####
#..#.......(....###.............
#.#.######.......##...###.#.####
....# #..................# #.#.#
###.#.....##...###.### #.#.#
...............# #.#.#
$##.....S@.....# #.#.#
####..######.# #.#.# #..# #.#
.#.. #..# #.# # # #.. #.# ...
#.# ###. #.# #. . .


You could see an adder.

Vanquished Creatures
  An adder (D:2)
  2 giant geckos (D:2)
  5 bats
  A giant cockroach (D:1)
  8 goblins (D:1)
  5 hobgoblins (D:1)
  A ball python (D:1)
  3 giant newts (D:1)
  3 kobolds (D:1)
  4 rats (D:1)
33 creatures vanquished.

Notes
Turn   | Place    | Note
--------------------------------------------------------------
     0 | D:1      | RobertPalmer, the Vine Stalker Transmuter, began the quest for the Orb.
     0 | D:1      | Reached XP level 1. HP: 9/9 MP: 4/4
   206 | D:1      | Reached XP level 2. HP: 14/14 MP: 4/6
   455 | D:1      | Reached skill level 4 in Unarmed Combat
   623 | D:1      | Reached XP level 3. HP: 15/17 MP: 7/7
   627 | D:1      | Learned a level 2 spell: Sticks to Snakes
   958 | D:2      | HP: 4/17 [poisoned by an adder]
   960 | D:2      | HP: 1/17 [adder (1)]
   962 | D:2      | Succumbed to an adder's poison

Action                   || total
-------------------------++-------
Melee: Unarmed           ||   112
 Cast: Beastly Appendage ||    15
  Use: Potion            ||     4

Vault maps used:
D:1:      dpeg_arrival_water_fire, serial_bayou_crossing

Table legend:
 A = Turns spent in this place as a percentage of turns spent in the entire game.
 B = Non-inter-level travel turns spent in this place as a percentage of non-inter-level travel turns spent in the entire game.
 C = Inter-level travel turns spent in this place as a percentage of turns spent in this place.
 D = Turns resting spent in this place as a percentage of non-inter-level travel turns spent in this place.
 E = Turns spent auto-exploring this place as a percentage of non-inter-level travel turns spent in this place.
 F = Non-inter-level travel turns spent in this place divided by the number of levels of this place that you've seen.
                   A       B       C       D       E      F
               +-------+-------+-------+-------+-------+----------------------
         Total | 100.0 | 100.0 |   0.2 |   1.0 |  11.2 | 204.5
       Dungeon | 100.0 | 100.0 |   0.2 |   1.0 |  11.2 | 204.5
               +-------+-------+-------+-------+-------+----------------------

Table legend:
 A = Kills in this place as a percentage of kills in entire the game.
 B = Kills by you in this place as a percentage of kills by you in the entire game.
 C = Kills by friends in this place as a percentage of kills by friends in the entire game.
 D = Other kills in this place as a percentage of other kills in the entire game.
 E = Experience gained in this place as a percentage of experience gained in the entire game.
 F = Experience gained in this place divided by the number of levels of this place that you have seen.
                   A       B       C       D       E      F
               +-------+-------+-------+-------+-------+----------------------
         Total | 100.0 | 100.0 |  -nan |  -nan | 100.0 |  31.5
       Dungeon | 100.0 | 100.0 |  -nan |  -nan | 100.0 |  31.5
               +-------+-------+-------+-------+-------+----------------------
